 Dungeon Crawl Stone Soup version 0.31-a0-236-g9a0961fb85 (webtiles) character file.

Game seed: 5644526537812587874

53 qw the Shooter (level 3, -3/21 HPs)
             Began as a Gargoyle Hexslinger on July 10, 2023.
             Slain by Sigmund
             ... wielding a +0 scythe
              (9 damage)
             ... on level 2 of the Dungeon.
             The game lasted 00:00:33 (984 turns).

qw the Shooter (Gargoyle Hexslinger)                 Turns: 984, Time: 00:00:34

Health: -3/21      AC:  5    Str: 17    XL:     3   Next: 89%
Magic:  4/4        EV: 12    Int: 13    God:
Gold:   35         SH:  0    Dex: 14    Spells: 3/4 levels left

rFire   . . .        Y - +1 sling
rCold   . . .        (no shield)
rNeg    + . .        c - +0 robe
rPois   inf          (no helmet)
rElec   +            (no cloak)
rCorr   .            (no gloves)
SInv    .            (no boots)
Will    .....        (no amulet)
Stlth   +            j - +6 ring of strength
HPRegen 0.23/turn    (no ring)
MPRegen 0.09/turn

%: no passive effects
@: confused
A: sickness immunity, AC +3, negative energy resistance 1, electricity
resistance, torment resistance 1, petrification resistance
a: no special abilities


You were on level 2 of the Dungeon.
You visited 1 branch of the dungeon, and saw 2 of its levels.

You collected 35 gold pieces.


Innate Abilities, Weirdness & Mutations

You are immune to sickness and miasma.
Your stone body is resilient. (AC +3)
You are immune to poison.
You resist negative energy. (rN+)
You are resistant to electric shocks. (rElec)
You are resistant to unholy torment.
You are immune to petrification.


   Skills:
 - Level 2.0 Fighting
 + Level 3.7 Ranged Weapons
 - Level 1.5 Dodging
 - Level 1.0 Spellcasting
 - Level 2.6 Hexes


You had 3 spell levels left.
You knew the following spells:

 Your Spells              Type           Power      Damage    Failure   Level
a - Slow                  Hex            28%        N/A       10%         1

Your spell library contained the following spells:

 Spells                   Type           Power      Damage    Failure   Level
 Inner Flame              Hex/Fire       4%         N/A       43%         3
 Portal Projectile        Hex/Tloc       8%         N/A       43%         3
 Cause Fear               Hex            3%         N/A       67%         4

Inventory:

Hand Weapons
 Y - a +1 sling (weapon)
Armour
 a - a +0 leather armour
 b - a +3 leather armour
 c - a +0 robe (worn)
Jewellery
 d - a ring of see invisible
 j - a +6 ring of strength (left hand)
Potions
 e - a potion of brilliance {unknown}
 f - a potion of ambrosia {unknown}
 h - a potion of might {unknown}

Dungeon Overview and Level Annotations

Branches:
Dungeon (2/15)

Altars:

Annotations:
D:2 1 runed translucent door, Crazy Yiuf, Sigmund


Message History

The adder is almost dead.
The adder bites you.
You shoot a sling bullet. The sling bullet hits the adder!
You kill the adder!
You start resting.
Sigmund is nearby!
You shoot a sling bullet. The sling bullet hits Sigmund.
Sigmund is lightly wounded.
You shoot a sling bullet.
The sling bullet hits Sigmund but does no damage.
Sigmund is lightly wounded.
Sigmund hits you from afar with a +0 scythe.
You shoot a sling bullet. The sling bullet barely misses Sigmund.
Sigmund closely misses you.
You shoot a sling bullet. The sling bullet hits Sigmund.
Sigmund is moderately wounded.
Sigmund closely misses you.
You shoot a sling bullet. The sling bullet hits Sigmund.
Sigmund is moderately wounded.
You shoot a sling bullet.
The sling bullet closely misses Sigmund.
Sigmund closely misses you.
You shoot a sling bullet. The sling bullet hits Sigmund.
Sigmund is heavily wounded.
Sigmund casts a spell at you.
You are confused.
Sigmund completely misses you. Sigmund gestures at you while chanting.
The magic dart hits you. Sigmund completely misses you.
Sigmund closely misses you.
You feel less confused.
Sigmund points at you and mumbles some strange words.
You are confused.
Sigmund hits you from afar with a +0 scythe!
Enter note:
Enter note: Sigmund misses you.
Sigmund hits you from afar with a +0 scythe!
You die...

##### #..###.###########
#....##.####.......%....
#.........%...##########
#.......####..##
#..............# ###
#..####.#######....#.....
#..###..## #.##....#.#
.........## #.# .##.#.#
#.#.##...@## ... ##.#.#
.. ###...# ..# #.#.# #.
###@..##.. #.#.## # ..$.#
##. #....# ..##.##
#.####.#.. .##
....#...#....# ..
#..........### @.
........### .#
......>..####


You could see Sigmund.

Vanquished Creatures
  An adder (D:2)
  8 ball pythons
  3 endoplasms
  2 giant cockroaches (D:2)
  3 goblins (D:1)
  3 hobgoblins (D:1)
  3 jackals (D:1)
  7 kobolds
  A quokka (D:1)
  A bat (D:1)
  4 frilled lizards
  7 rats
43 creatures vanquished.

Notes
Turn   | Place    | Note
-------+----------+-------------------------------------------
     0 | D:1      | qw the Gargoyle Hexslinger began the quest for the Orb.
     0 | D:1      | Reached XP level 1. HP: 12/12 MP: 2/2
     0 | D:1      | 0 ||| qw: Version: 0.3-a-51-g015441d
     0 | D:1      | 0 ||| qw: Game counter: 4470
     0 | D:1      | 0 ||| qw: Melee chars always use a shield: true
     0 | D:1      | 0 ||| qw: God list: Okawaru
     0 | D:1      | 0 ||| qw: Allow faded altars: false
     0 | D:1      | 0 ||| qw: Do Orc after clearing Dungeon:15 true
     0 | D:1      | 0 ||| qw: Do second Lair branch before Depths: true
     0 | D:1      | 0 ||| qw: Lair rune preference: random
     0 | D:1      | 0 ||| qw: Goals: Normal
     0 | D:1      | 0 ||| PLANNING D:1-11
    98 | D:1      | Reached XP level 2. HP: 16/16 MP: 3/3
   321 | D:1      | Reached skill level 3 in Ranged Weapons
   504 | D:1      | Reached XP level 3. HP: 21/21 MP: 4/4
   648 | D:1      | Found a faded altar of an unknown god.
   735 | D:1      | 735 ||| UPGRADING to +6 ring of strength.
   736 | D:1      | 736 ||| READING scroll labelled JUNELO PAZA.
   737 | D:1      | 737 ||| READING scroll labelled VELAVU TUCKA.
   738 | D:1      | 738 ||| READING scroll labelled HISUOKH ZUJEA.
   739 | D:1      | 739 ||| READING scroll labelled DAEMNEOSAR.
   740 | D:1      | 740 ||| READING scroll labelled MOSTRO GEROMP.
   741 | D:1      | 741 ||| DROPPING scroll of poison.
   756 | D:2      | 756 ||| STAIRDANCE
   842 | D:2      | Found a runed translucent door.
   843 | D:2      | Noticed Crazy Yiuf
   962 | D:2      | Noticed Sigmund
   963 | D:2      | 963 ||| Stepping ~*~*~tactically~*~*~ (outnumbered).
   981 | D:2      | HP: 5/21 [Sigmund/+0 scythe (9)]
   984 | D:2      | Slain by Sigmund

Levels and vault maps discovered:
D:1:      wander_arrival_lonely_grave, layout_loops_cross,
          shapermc_ecumenical_altar_notcrosses
D:2:      layout_rooms, minmay_tetromino_l2, uniq_jessica,
          uniq_crazy_yiuf_cottage, uniq_sigmund

Skill      XL: |  1  2 |
---------------+-------+-----
Ranged Weapons | 3 |  3.7
Fighting       | 2 |  2.0
Dodging        | |  1.5
Spellcasting   | |  1.0
Hexes          | |  2.6

Action                     || total
---------------------------++-------
   Fire: Sling             ||   146
    Use: Scroll            ||     5
 Armour: Robe              ||    27
  Dodge: Dodged            ||    47

Table legend:
 A = Non-vault XP
 B = Vault XP
 C = Vault XP percentage of total XP
 D = Non-vault monster count
 E = Vault monster count
 F = Vault count percentage of total count
                 A         B        C        D         E       F
            +---------+---------+-------+---------+---------+-------
      Total |      77 |       0 |   0.0 |      43 |       0 |   0.0
            +---------+---------+-------+---------+---------+-------
        D:1 |      46 |       0 |   0.0 |      31 |       0 |   0.0
        D:2 |      31 |       0 |   0.0 |      12 |       0 |   0.0
            +---------+---------+-------+---------+---------+-------
